 Dungeon Crawl Stone Soup version 0.21.0-3-g78d12a8 (webtiles) character file.

2776 komo4ek the Summoner (level 10, -18/63 HPs)
             Began as a Human Summoner on Jan 13, 2018.
             Was a Follower of Sif Muna.
             Demolished by a two-headed ogre
             ... wielding a +0 giant club
              (20 damage)
             ... on level 9 of the Dungeon.
             The game lasted 00:48:32 (10753 turns).

komo4ek the Summoner (Human Summoner)              Turns: 10753, Time: 00:48:35

Health: -18/63     AC:  3    Str:  8    XL:     10   Next: 1%
Magic:  25/36      EV: 14    Int: 19    God:    Sif Muna [*.....]
Gold:   378        SH:  0    Dex: 14    Spells: 8/19 levels left

rFire    + . .     SeeInvis .   g - +0 spear (pierce)
rCold    . . .     Gourm    .   (no shield)
rNeg     . . .     Faith    .   D - +1 robe of the Hurricane {rElec rF+} (curse)
rPois    .         Spirit   .   (no helmet)
rElec    +         Reflect  .   (no cloak)
rCorr    .         Harm     .   (no gloves)
MR       .....                  (no boots)
Stlth    +++.......             y - amulet of rage
HPRegen  0.20/turn              j - ring of magical power
MPRegen  0.25/turn              s - ring of magical power

@: lethally poisoned (-18 -> -23), vulnerable, hasted, divine energy, very quick
A: no striking features
a: Stop Divine Energy, Renounce Religion, Evoke Berserk Rage


You were on level 9 of the Dungeon.
You worshipped Sif Muna.
Sif Muna was aware of your devotion.
You were not hungry.

You visited 2 branches of the dungeon, and saw 10 of its levels.

You collected 378 gold pieces.

Inventory:

Hand Weapons
 g - a +0 spear of piercing (weapon)
 h - a +1 quarterstaff of protection
Armour
 a - a +1 robe
 t - the +1 ring mail of Zin's No More Talking {Int+9}
   (You found it on level 5 of the Dungeon)

   It affects your intelligence (+9).
 v - the +2 ring mail "Muuchaexo" {rPois rN+++ Regen+ Stlth-}
   (You found it on level 6 of the Dungeon)

   It protects you from poison.
   It renders you almost immune to negative energy.
   It increases your rate of regeneration.
   It makes you less stealthy.
 D - the cursed +1 robe of the Hurricane (worn) {rElec rF+}
   (You found it on level 9 of the Dungeon)

   It protects you from fire.
   It insulates you from electricity.
   It has a curse placed upon it.
Jewellery
 i - an uncursed amulet of guardian spirit
 j - a ring of magical power (left hand)
 s - a ring of magical power (right hand)
 w - an uncursed ring of protection from cold
 y - an amulet of rage (around neck)
 z - an uncursed amulet of inaccuracy
 G - an uncursed ring of ice
Wands
 A - a wand of polymorph (15)
 C - a wand of paralysis (9)
Scrolls
 d - 2 scrolls of magic mapping
 l - 5 scrolls of identify
 F - a scroll of fog {unknown}
Potions
 k - 3 potions of flight
 p - a potion of cancellation {unknown}
 q - 2 potions of brilliance {unknown}
 r - a potion of degeneration {unknown}
Books
 b - a book of Callings

   Spells                             Type                      Level
   a - Summon Small Mammal            Summoning                    1
   b - Call Imp                       Summoning                    2
   c - Call Canine Familiar           Summoning                    3
   d - Summon Guardian Golem          Hexes/Summoning              3
   e - Summon Lightning Spire         Summoning/Air                4
   f - Summon Ice Beast               Ice/Summoning                4
 e - a book of Maledictions

   Spells                             Type                      Level
   a - Corona                         Hexes                        1
   b - Ensorcelled Hibernation        Hexes/Ice                    2
   c - Confuse                        Hexes                        3
   d - Tukima's Dance                 Hexes                        3
   e - Dazzling Spray                 Conjuration/Hexes            3
 x - a book of Air

   Spells                             Type                      Level
   a - Shock                          Conjuration/Air              1
   b - Swiftness                      Charms/Air                   2
   c - Static Discharge               Conjuration/Air              3
   d - Airstrike                      Air                          4
   e - Lightning Bolt                 Conjuration/Air              5
 B - a book of Misfortune

   Spells                             Type                      Level
   a - Confusing Touch                Hexes                        1
   b - Confuse                        Hexes                        3
   c - Gell's Gravitas                Translocation                3
   d - Petrify                        Transmutation/Earth          4
   e - Metabolic Englaciation         Hexes/Ice                    5
   f - Yara's Violent Unravelling     Hexes/Transmutation          5
Comestibles
 c - 3 rations


   Skills:
 + Level 4.0 Armour
 + Level 4.7 Dodging
 + Level 4.9 Stealth
 + Level 5.3 Spellcasting
 + Level 4.5 Hexes
 * Level 8.8 Summonings


You had 8 spell levels left.
You knew the following spells:

 Your Spells              Type           Power        Failure   Level  Hunger
a - Summon Small Mammal   Summ           ####         1%          1    None
b - Call Canine Familiar  Summ           #####...     1%          3    ##.....
c - Corona                Hex            ###....      1%          1    None
d - Tukima's Dance        Hex            ###.....     5%          3    ##.....
e - Confuse               Hex            ###.....     5%          3    ##.....


Dungeon Overview and Level Annotations

Branches:
Dungeon (9/15)             Temple (1/1) D:7
   Lair: D:8-11         Orc: D:9-12

Altars:
Ashenzari
Cheibriados
Dithmenos
Elyvilon
Fedhas
Hepliaklqana
Kikubaaqudgha
Makhleb
Nemelex Xobeh
Okawaru
Qazlal
Ru
Sif Muna
Trog
Uskayaw
Vehumet
Wu Jian
Xom
Yredelemnul
Zin
The Shining One

Shops:
D:8 *

Annotations:
D:4 BonjourVileCrotch's ghost, amateur HaFE


Message History

An orc wizard comes into view. It is wielding a dagger.
As you read the scroll labeled DALOCI URACK, it crumbles to dust.
It is a scroll of enchant armour.
Your +0 robe glows green for a moment.
You feel sick.
The orc hits your wolf but does no damage.
Your wolf bites the orc!
The orc dies!
Sif Muna accepts your kill.
As you read the scroll labeled MEOS TAONN, it crumbles to dust.
The dust glows dull yellow!
It was a scroll of random uselessness.
The orc completely misses your wolf. The orc hits you with a hand axe.
* * * LOW HITPOINT WARNING * * *
The orc barely misses your wolf.
As you read the scroll labeled RATEUXESESH, it crumbles to dust.
Magic quickly surges around you.
It was a scroll of vulnerability.
You feel sick.
The two-headed ogre hits you with a giant club!
* * * LOW HITPOINT WARNING * * *
The two-headed ogre hits you with a giant club!!
You die...

#####.###
#.......#
#.# #.#
#O###.#.#
#.@ooo..#
###ho.###
†......
......[
#..###.
#.# .# .#


You could see a two-headed ogre, an orc wizard, 3 orcs and a friendly wolf.

Vanquished Creatures
  Grum (D:8)
  A hungry ghost (D:7)
  2 ice beasts
  2 phantoms
  An ogre (D:7)
  2 wolves (D:7)
  A killer bee (D:7)
  A wight (D:9)
  A crimson imp (D:5)
  2 hounds
  An orc priest (D:8)
  An iguana (D:6)
  A killer bee zombie (D:6)
  2 gnolls (D:5)
  4 adders
  2 dart slugs
  2 leopard geckos
  5 orcs
  4 giant cockroaches
  6 goblins
  4 hobgoblins
  3 jackals
  2 kobolds
  A quokka (D:8)
  A ball python zombie (D:5)
  6 bats
  4 frilled lizards
  A leopard gecko zombie (D:6)
  8 rats
72 creatures vanquished.

Vanquished Creatures (collateral kills)
  A two-headed ogre (D:9)
  3 yaks (D:8)
  A hungry ghost (D:8)
  An ice beast (D:5)
  A sky beast (D:7)
  A black bear (D:8)
  2 wolves (D:7)
  2 centaurs
  An ogre (D:8)
  2 bullfrogs
  A gnoll sergeant (D:5)
  2 scorpions
  4 wights
  7 killer bees
  A howler monkey (D:4)
  2 crimson imps
  A hound (D:8)
  A centaur skeleton (D:5)
  2 gnoll shamans
  An orc priest (D:8)
  An iguana (D:6)
  3 orc wizards (D:5)
  5 worker ants
  2 hound skeletons
  17 gnolls
  6 adders
  A shadow imp (D:6)
  An ooze (D:2)
  An adder zombie (D:7)
  An adder skeleton (D:6)
  A worm (D:3)
  A dart slug (D:1)
  2 leopard geckos
  12 orcs
  3 giant cockroaches
  4 goblins
  A hobgoblin (D:2)
  13 jackals
  A kobold (D:2)
  A quokka (D:5)
  5 bats (D:1)
  2 frilled lizards
  4 rats
125 creatures vanquished.

Vanquished Creatures (others)
  An eye of draining (D:8)
1 creature vanquished.

Grand Total: 198 creatures vanquished

Notes
Turn   | Place    | Note
-------+----------+-------------------------------------------
     0 | D:1      | komo4ek the Human Summoner began the quest for the Orb.
     0 | D:1      | Reached XP level 1. HP: 13/13 MP: 3/3
   107 | D:1      | Reached XP level 2. HP: 18/19 MP: 3/5
   453 | D:1      | Reached XP level 3. HP: 17/24 MP: 4/6
  1076 | D:2      | Learned a level 3 spell: Call Canine Familiar
  1102 | D:2      | Reached XP level 4. HP: 13/30 MP: 3/7
  1173 | D:2      | Reached skill level 5 in Summonings
  1700 | D:2      | Reached XP level 5. HP: 35/35 MP: 9/9
  2216 | D:3      | Learned a level 1 spell: Corona
  3046 | D:4      | Noticed BonjourVileCrotch's ghost (amateur HaFE)
  3590 | D:4      | Reached XP level 6. HP: 31/41 MP: 10/10
  3664 | D:4      | Reached skill level 1 in Hexes
  3664 | D:4      | Reached skill level 6 in Summonings
  4056 | D:5      | Entered Level 5 of the Dungeon
  4162 | D:5      | Got a faintly humming ring mail
  4346 | D:5      | Learned a level 3 spell: Tukima's Dance
  4546 | D:5      | Identified the cursed +1 ring mail of Zin's No More Talking {Int+9} (You found it on level 5 of the Dungeon)
  4608 | D:5      | Learned a level 3 spell: Confuse
  4747 | D:5      | Reached XP level 7. HP: 40/46 MP: 12/12
  4975 | D:5      | Reached skill level 1 in Armour
  5908 | D:6      | Got a blackened ring mail
  5960 | D:6      | Reached XP level 8. HP: 51/52 MP: 14/14
  5969 | D:6      | Reached skill level 7 in Summonings
  5988 | D:6      | Found a basalt altar of Yredelemnul.
  6517 | D:7      | Found a hazy altar of Hepliaklqana.
  6517 | D:7      | Found a snail-covered altar of Cheibriados.
  6632 | D:7      | Found a staircase to the Ecumenical Temple.
  7656 | Temple   | Entered the Ecumenical Temple
  7698 | Temple   | Identified the +2 ring mail "Muuchaexo" {rPois rN+++ Regen+ Stlth-} (You found it on level 6 of the Dungeon)
  7936 | Temple   | Became a worshipper of Sif Muna the Loreminder
  8261 | D:8      | Noticed Grum
  8582 | D:7      | Reached XP level 9. HP: 40/57 MP: 15/15
  8805 | D:8      | Killed Grum
  8805 | D:8      | Reached skill level 8 in Summonings
  8996 | D:8      | Reached * piety under Sif Muna
  8996 | D:8      | Reached skill level 5 in Spellcasting
  9165 | D:8      | Found Quydeitu's Demolitions Depot.
  9505 | D:9      | Got a shadowed robe
  9516 | D:9      | Identified the cursed +1 robe of the Hurricane {rElec rF+} (You found it on level 9 of the Dungeon)
  9516 | D:9      | Noticed a two-headed ogre
  9798 | D:9      | Killed a two-headed ogre
 10707 | D:9      | Reached XP level 10. HP: 58/63 MP: 18/18
 10747 | D:9      | Noticed a two-headed ogre
 10753 | D:9      | HP: 2/63 [two-headed ogre/giant club (10)]
 10753 | D:9      | Demolished by a two-headed ogre

Skill      XL: |  1  2  3  4  5  6  7  8  9 |
---------------+----------------------------+-----
Summonings     | 5 6 7 8 |  8.8
Spellcasting   | 3 4 5 |  5.3
Hexes          | 1 2 3 4 |  4.5
Armour         | 1 2 4 |  4.0
Stealth        | 3 4 |  4.9
Dodging        | 3 4 |  4.7

Action                   |  1- 3 |  4- 6 |  7- 9 | 10-12 || total
-------------------------+-------+-------+-------+-------++-------
Melee: Mace              |    19 |       |       |       ||    19
       Unarmed           |     3 |       |       |       ||     3
       Spear             |    46 |   207 |   347 |     1 ||   601
 Cast: Summon Small Mamm |    20 |     2 |     4 |       ||    26
       Call Canine Famil |     1 |    36 |    75 |     5 ||   117
       Corona            |       |     2 |     1 |       ||     3
       Tukima's Dance    |       |     1 |     3 |       ||     4
       Confuse           |       |       |     1 |       ||     1
Invok: Divine Energy     |       |       |     2 |       ||     2
       Stop Divine Energ |       |       |     1 |       ||     1
  Use: Potion            |     3 |     2 |     3 |     4 ||    12
       Scroll            |       |     6 |     5 |     4 ||    15
 Stab: Sleeping          |     1 |     3 |     3 |       ||     7
       Distracted        |       |     1 |     4 |       ||     5
  Eat: Ration            |     1 |     4 |     7 |       ||    12
       Chunk             |       |     2 |       |       ||     2
Armor: Robe              |    34 |    11 |     5 |     2 ||    52
       Ring mail         |       |     3 |   116 |       ||   119
Dodge: Dodged            |   106 |    96 |   235 |    11 ||   448
